 Dungeon Crawl Stone Soup version 0.27.1-33-g824d729ab1 (webtiles) character file.

Game seed: 12568329657307589074

8506 lordive the Thaumaturge (level 11, -14/60 HPs)
             Began as a Gargoyle Earth Elementalist on Dec 25, 2021.
             Was a Believer of Vehumet.
             Hit by a silver javelin thrown by a minotaur (30 damage)
             ... in a Gauntlet.
             The game lasted 00:53:12 (12566 turns).

lordive the Thaumaturge (GrEE)                     Turns: 12566, Time: 00:53:12

Health: -14/60     AC: 20    Str: 13    XL:     11   Next: 31%
Magic:  27/33      EV: 12    Int: 18    God:    Vehumet [**....]
Gold:   364        SH:  0    Dex: 10    Spells: 15/29 levels left

rFire    . . .     SeeInvis .   g - +4 morningstar
rCold    . . .     Faith    .   (no shield)
rNeg     + . .     Spirit   .   b - +0 robe
rPois    ∞         Reflect  .   e - +2 helmet
rElec    +         Harm     .   j - +0 cloak
rCorr    .         Rampage  .   v - +0 pair of gloves
Will     .....     NoTele   +   n - +0 pair of boots
Stlth    ++........             L - amulet of the acrobat
HPRegen  0.20/turn              i - ring of magical power
MPRegen  0.23/turn              c - +4 ring of protection

@: no status effects
A: sickness immunity, AC +8, negative energy resistance 1, electricity
resistance, torment resistance 1, petrification resistance
a: Renounce Religion


You were in a Gauntlet.
You worshipped Vehumet.
Vehumet was pleased with you.
You visited 3 branches of the dungeon, and saw 10 of its levels.
You also visited: Gauntlet.

You collected 424 gold pieces.
You spent 60 gold pieces at shops.

Inventory:

Hand Weapons
 a - a +1 dire flail of freezing
 g - a +4 morningstar (weapon)
Missiles
 I - 12 stones
Armour
 b - a +0 robe (worn)
 e - a +2 helmet (worn)
 j - a +0 cloak (worn)
 m - a +0 leather armour
 n - a +0 pair of boots (worn)
 v - a +0 pair of gloves (worn)
Magical Staves
 t - a staff of death
Jewellery
 c - a +4 ring of protection (right hand)
 i - a ring of magical power (left hand)
 l - a +6 ring of strength
 q - a +6 ring of strength
 w - a ring of positive energy
 F - a ring of fire
 L - an amulet of the acrobat (around neck)
Wands
 y - a wand of polymorph (2)
 z - a wand of acid (12)
 G - a wand of iceblast (4)
Scrolls
 d - a scroll of teleportation
 f - 2 scrolls of immolation
 o - a scroll of enchant armour
 r - a scroll of magic mapping
 s - a scroll of blinking {unknown}
 A - 2 scrolls of vulnerability
 C - a scroll of amnesia {unknown}
 E - a scroll of holy word {unknown}
 M - a scroll of fear
Potions
 h - 2 potions of brilliance
 k - a potion of cancellation
 p - a potion of resistance
 u - 2 potions of lignification
 x - a potion of might
 B - a potion of ambrosia
 D - 2 potions of curing
 H - a potion of flight {unknown}
 J - a potion of degeneration {unknown}
 K - 2 potions of attraction {unknown}


   Skills:
 * Level 3.2 Fighting
 * Level 2.7 Maces & Flails
 * Level 3.9 Dodging
 + Level 3.3 Stealth
 * Level 3.1 Shields
 * Level 9.7 Spellcasting
 * Level 7.1 Conjurations
 + Level 0.7 Transmutations
 + Level 5.6 Fire Magic
 * Level 9.4 Earth Magic
 * Level 2.7 Evocations


You had 15 spell levels left.
You knew the following spells:

 Your Spells              Type           Power      Damage    Failure   Level
a - Sandblast             Erth           84%        2d18      1%          1
b - Stone Arrow           Conj/Erth      76%        3d11      1%          3
c - Conjure Flame         Conj/Fire      31%        6-21      1%          3
d - Foxfire               Conj/Fire      100%       2x1d9     1%          1
e - Borgnjor's Vile Clut  Necr/Erth      12%        N/A       32%         5
f - Magic Dart            Conj           100%       1d8       1%          1

Your spell library contained the following spells:

 Spells                   Type           Power      Damage    Failure   Level
 Passwall                 Tmut/Erth      21%        N/A       1%          2
 Static Discharge         Conj/Air       21%        N/A       3%          2
 Inner Flame              Hex/Fire       18%        N/A       8%          3
 Petrify                  Tmut/Erth      26%        N/A       11%         4
 Animate Armour           Summ/Erth      50%        N/A       12%         4
 Gell's Gravitas          Tloc           4%         N/A       24%         3
 Portal Projectile        Hex/Tloc       16%        N/A       24%         3
 Teleport Other           Tloc           8%         N/A       24%         3
 Tukima's Dance           Hex            8%         N/A       24%         3
 Lightning Bolt           Conj/Air       10%        1d23      47%         5
 Animate Dead             Necr           4%         N/A       63%         4
 Passage of Golubria      Tloc           N/A        N/A       63%         4
 Summon Lightning Spire   Summ/Air       8%         N/A       63%         4
 Starburst                Conj/Fire      15%        6d6       67%         6
 Yara's Violent Unravell  Hex/Tmut       5%         3d4       89%         5
 Death Channel            Necr           4%         N/A       100%        6
 Storm Form               Tmut/Air       5%         N/A       100%        7
 Lehudib's Crystal Spear  Conj/Erth      19%        10d6      100%        8
 Maxwell's Capacitive Co  Air            4%         ∞         100%        8


Dungeon Overview and Level Annotations

Branches:
Dungeon (8/15)             Temple (1/1) D:6            Lair (1/6) D:8
Gauntlet (1/1)

Altars:
Ashenzari
Cheibriados
Dithmenos
Elyvilon
Fedhas
Gozag
Hepliaklqana
Kikubaaqudgha
Makhleb
Nemelex Xobeh
Okawaru
Qazlal
Sif Muna
Trog
Uskayaw
Vehumet
Wu Jian
Xom
Yredelemnul
Zin
The Shining One

Shops:
D:4 *

Annotations:
Gauntlet 8 transporters, 3 runed translucent doors


Innate Abilities, Weirdness & Mutations

You are immune to sickness and miasma.
Your stone body is resilient. (AC +8)
You are immune to poison.
You resist negative energy. (rN+)
You are resistant to electric shocks. (rElec)
You are resistant to unholy torment.
You are immune to petrification.


Message History

The white imp shouts, "Decamp, thou unmuzzled flat-headed hugger-mugger!"
A minotaur comes into view.
It is wielding the +8 glaive of Honour {flame, *Noise rN++ Dex+8 Stlth-} and quivering silver javelins.
Found a book of Transfigurations and a bronze ring.
Found a wand of polymorph (10) and a chain mail.
The minotaur bellows!
The minotaur throws a silver javelin.
The silver javelin misses you.
Unknown command.
The minotaur reads a scroll.
Wisps of shadow swirl around the minotaur.
The minotaur throws a silver javelin.
The silver javelin completely misses you.
Casting: Stone Arrow (safe; 1% risk of failure)
Confirm with . or Enter, or press ? or * to list all spells.
The fire begins to smoulder!
The minotaur throws a silver javelin.
The silver javelin pierces through you!
The fire ignites!
Casting: Conjure Flame (safe; 1% risk of failure)
Confirm with . or Enter, or press ? or * to list all spells.
Aiming: Sandblast (safe; 1% risk of failure)
Press: ? - help, Shift-Dir - straight line, f - minotaur
Aim: a minotaur, wielding the +8 glaive of Honour {flame, *Noise rN++ Dex+8 Stlth-}, wearing +1 fire dragon scales, wearing a ring of poison resistance and quivering silver javelins (87% to hit)
The blast of sand hits the minotaur but does no damage.
The minotaur throws a silver javelin.
The silver javelin pierces through you but does no damage.
The minotaur throws a silver javelin.
The silver javelin pierces through you!!
* * * LOW HITPOINT WARNING * * *
x2 Unknown command.
Casting: Sandblast (safe; 1% risk of failure)
Confirm with . or Enter, or press ? or * to list all spells.
Aiming: Stone Arrow (safe; 1% risk of failure)
Press: ? - help, Shift-Dir - straight line, f/p - minotaur
Aim: a minotaur, wielding the +8 glaive of Honour {flame, *Noise rN++ Dex+8 Stlth-}, wearing +1 fire dragon scales, wearing a ring of poison resistance and quivering silver javelins (81% to hit)
The stone arrow misses the minotaur.
The stone arrow hits the eye of devastation!
The eye of devastation is moderately wounded.
The minotaur throws a silver javelin.
The silver javelin pierces through you!!
Ouch! That really hurt!
You die...

$=©##.#.#.)!©=54#.#©#.#...#..##
#######.#########.#########.§≈#
§§..........................§##
§§........8.∩.8..............≈#
#§#≈#§#############≈#≈#≈#≈#≈###
########.........############
##...©.©.©...## #.............#
#.#.#######@#.# #.#....#.H§.#.#
#.#.##.#G##.#.# #.............#
#.#..##H##..#.# # #8.8#..#.#
#G..#....# #8.8#.8### #:./####


You could see a minotaur and an eye of devastation (summoned).

Vanquished Creatures
  A hydra (D:7)
  A death yak (Gauntlet)
  A necromancer (Gauntlet)
  2 komodo dragons
  Sigmund (D:6)
  7 flying skulls (Gauntlet)
  A wraith (D:7)
  Eustachio (D:6)
  3 yaks (Lair:1)
  Menkaure (D:6)
  2 water moccasins
  An ice beast (D:7)
  An orc warrior (D:7)
  2 black bears
  A hornet zombie (D:7)
  2 centaurs
  3 ogres
  11 wolves
  2 bullfrogs
  4 scorpions (D:5)
  A water moccasin zombie (D:5)
  17 wights (D:8)
  A howler monkey (D:6)
  2 centaur zombies
  A bullfrog zombie (D:5)
  4 orc priests
  4 hounds
  2 jellies
  A bullfrog skeleton (D:4)
  Crazy Yiuf (D:3)
  11 orc wizards
  3 iguanas (D:5)
  A killer bee zombie (D:8)
  A hound zombie (D:5)
  2 hound skeletons
  2 gnolls
  5 adders
  A howler monkey skeleton (D:6)
  A white imp (D:8)
  An ufetubus (D:6)
  3 worms
  3 dart slugs
  29 orcs
  5 ball pythons
  8 endoplasms
  2 giant cockroaches
  6 goblins
  3 hobgoblins
  7 jackals
  5 bats
  3 frilled lizards
  8 kobolds
  4 rats
196 creatures vanquished.

Vanquished Creatures (collateral kills)
  A foxfire (D:5)
1 creature vanquished.

Vanquished Creatures (others)
  443 foxfires
  32 plants (D:8)
475 creatures vanquished.

Grand Total: 672 creatures vanquished

Notes
Turn   | Place    | Note
-------+----------+-------------------------------------------
     0 | D:1      | lordive the Gargoyle Earth Elementalist began the quest for
                  | the Orb.
     0 | D:1      | Reached XP level 1. HP: 10/10 MP: 3/3
   176 | D:1      | Reached XP level 2. HP: 15/15 MP: 3/5
   561 | D:1      | Reached XP level 3. HP: 19/19 MP: 1/7
   747 | D:1      | Learned a level 3 spell: Stone Arrow
  1117 | D:2      | Learned a level 3 spell: Conjure Flame
  1612 | D:2      | Reached skill level 1 in Fire Magic
  1612 | D:2      | Reached XP level 4. HP: 24/24 MP: 5/8
  1614 | D:2      | Learned a level 1 spell: Foxfire
  1762 | D:2      | Found a faded altar of an unknown god.
  1897 | D:3      | Found a glowing golden altar of the Shining One.
  2377 | D:3      | Got the Catalogue of Fiery Translocation
  2676 | D:3      | Reached XP level 5. HP: 18/28 MP: 2/9
  2726 | D:3      | Reached skill level 1 in Conjurations
  2898 | D:3      | Found a runed translucent door.
  2902 | D:3      | Noticed Crazy Yiuf
  2917 | D:3      | Killed Crazy Yiuf
  3498 | D:4      | Found Kifies's Assorted Antiques.
  3528 | D:4      | Bought a sedimented ruby potion for 19 gold pieces
  3528 | D:4      | Bought a scroll labelled WIDWAH KEUBYWN for 22 gold pieces
  3528 | D:4      | Bought a red potion for 19 gold pieces
  3718 | D:4      | Found a blossoming altar of Fedhas.
  3774 | D:4      | Noticed an ogre
  3780 | D:4      | Killed an ogre
  3781 | D:4      | Reached skill level 5 in Earth Magic
  3781 | D:4      | Reached XP level 6. HP: 32/32 MP: 6/11
  3818 | D:4      | Noticed a black bear
  3823 | D:4      | Killed a black bear
  4006 | D:5      | Entered Level 5 of the Dungeon
  4107 | D:5      | Reached XP level 7. HP: 6/36 MP: 7/13
  4769 | D:5      | Reached skill level 5 in Spellcasting
  5215 | D:5      | Reached XP level 8. HP: 19/41 MP: 4/16
  5675 | D:5      | Found a sparkling altar of Nemelex Xobeh.
  6646 | D:6      | Found a hide-covered altar of Uskayaw.
  6707 | D:6      | Noticed Sigmund
  6721 | D:6      | Killed Sigmund
  6778 | D:6      | Noticed Eustachio
  6783 | D:6      | Noticed Menkaure
  6789 | D:6      | Killed Eustachio
  6790 | D:6      | Reached XP level 9. HP: 46/46 MP: 7/19
  7070 | D:6      | Found a staircase to the Ecumenical Temple.
  7088 | Temple   | Entered the Ecumenical Temple
  7199 | Temple   | Became a worshipper of Vehumet
  7281 | D:6      | Found an opulent altar of Gozag.
  7851 | D:6      | Killed Menkaure
  8178 | D:7      | Learned a level 5 spell: Borgnjor's Vile Clutch
  8476 | D:7      | Noticed a four-headed hydra
  8493 | D:7      | Killed a four-headed hydra
  8494 | D:7      | Reached skill level 1 in Fighting
  8494 | D:7      | Reached skill level 5 in Conjurations
  8494 | D:7      | Reached skill level 5 in Fire Magic
  8980 | D:7      | Reached XP level 10. HP: 52/52 MP: 19/22
  9156 | D:7      | Reached * piety under Vehumet
  9156 | D:7      | Offered knowledge of Shock by Vehumet.
  9805 | D:8      | Reached skill level 1 in Maces & Flails
  9983 | D:8      | Reached skill level 1 in Shields
 10277 | D:8      | Found a staircase to the Lair.
 10752 | D:8      | Found an iron altar of Okawaru.
 10917 | D:8      | Reached skill level 1 in Evocations
 10948 | D:8      | Offered knowledge of Magic Dart by Vehumet.
 10951 | D:8      | Learned a level 1 spell: Magic Dart
 11004 | D:8      | Found a bloodstained altar of Trog.
 11153 | Lair:1   | Entered Level 1 of the Lair of Beasts
 11185 | Lair:1   | Reached ** piety under Vehumet
 11390 | Lair:1   | Found a gate leading to a gauntlet.
 11406 | Gauntlet | Entered a Gauntlet
 11406 | Gauntlet | Noticed a necromancer
 11406 | Gauntlet | Noticed a torpor snail
 11406 | Gauntlet | Noticed an elephant
 11406 | Gauntlet | Noticed an elephant
 11406 | Gauntlet | Found a transporter.
 11406 | Gauntlet | Found a transporter.
 11406 | Gauntlet | Found a runed translucent gate.
 11406 | Gauntlet | Found a runed translucent gate.
 11412 | Gauntlet | Noticed a tengu warrior
 11413 | Gauntlet | Noticed an elephant
 11415 | Gauntlet | Noticed an elephant
 11417 | Gauntlet | Noticed an elephant
 11420 | Gauntlet | Found a transporter.
 11432 | Gauntlet | Found a transporter.
 11447 | Gauntlet | Noticed a death yak
 11448 | Gauntlet | Noticed a death yak
 11448 | Gauntlet | Noticed a death yak
 11449 | Gauntlet | Noticed a death yak
 11449 | Gauntlet | Noticed a necromancer
 11450 | Gauntlet | Found a transporter.
 11450 | Gauntlet | Found a transporter.
 11450 | Gauntlet | Found a transporter.
 11452 | Gauntlet | Found a transporter.
 11452 | Gauntlet | Found a transporter.
 11455 | Gauntlet | Noticed a blizzard demon
 11473 | Gauntlet | Found a transporter.
 11480 | Gauntlet | Found a transporter.
 11490 | Gauntlet | Found a transporter.
 11494 | Gauntlet | Noticed a hell beast
 11495 | Gauntlet | Found a transporter.
 11529 | Gauntlet | Found a transporter.
 11531 | Gauntlet | Found a runed translucent gate.
 11576 | Gauntlet | Killed a necromancer
 11579 | Gauntlet | Reached XP level 11. HP: 41/59 MP: 10/24
 11872 | Gauntlet | Killed a death yak
 12546 | Gauntlet | Identified the +8 glaive of Honour {flame, *Noise rN++
                  | Dex+8 Stlth-}
 12546 | Gauntlet | Noticed a minotaur
 12559 | Gauntlet | Noticed a worldbinder
 12566 | Gauntlet | Hit by a silver javelin thrown by a minotaur

Illustrated notes

Levels and vault maps discovered:
D:1:      arrival_zaba_pyramid, layout_loops_ring, grunt_decor_cap,
          kennysheep_another_room, minmay_misc_feat_iff
D:2:      layout_basic, shapermc_ecumenical_altar_acropolis, st_stairs_8
D:3:      layout_loops_ring, nicolae_tso_swordbearing_angel,
          grunt_decor_arrowhead, serial_bayou_pond_e,
          kennysheep_generic_room_16, uniq_crazy_yiuf_cottage
D:4:      layout_rooms, mainiacjoe_overflow_cross_hatched, serial_shops,
          nicolae_shop_overgrown_old_shop
D:5:      layout_loops_corners, nicolae_overflow_hidden_temple,
          minmay_crossroads
D:6:      layout_loops_ring, general_overflow_altar,
          nicolae_gozag_cash_rules_everything_around_me,
          minmay_temple_entry_crystal_x, minmay_fractal_squares_gapless_5,
          uniq_sigmund, uniq_menkaure, uniq_eustachio
D:7:      layout_loops_ring
D:8:      minmay_flawed_box, layout_rooms, lemuel_round_altar,
          kennysheep_little_box, david_lair_shrubbed,
          chequers_serial_rivers_small_a
Temple:   eino_narrow_crystal_temple
Lair:1:   beast_lair_carwin_large_3, layout_gridlike, gauntlet_entry_generic,
          minmay_lair_oklob_chamber
Gauntlet: gammafunk_gauntlet_mixed_choke_point
          [minmay_gauntlet_arena_77_run_for_it, minmay_gauntlet_arena_77_mess,
          minmay_gauntlet_arena_77_broken_ladder,
          gammafunk_gauntlet_arena_corners, minmay_gauntlet_arena_77_two_lines,
          minmay_gauntlet_arena_77_terracotta_army,
          minmay_gauntlet_arena_77_radiant_squares,
          nicolae_gauntlet_exit_dead_adventurers]

Skill      XL: |  1  2  3  4  5  6  7  8  9 10 11 |
---------------+----------------------------------+-----
Earth Magic    | 4 5 6 7 8 9 |  9.4
Spellcasting   | 3 4 5 6 8 9 |  9.7
Fire Magic     | 1 2 3 4 5 |  5.6
Conjurations   | 2 3 4 5 6 7 |  7.1
Dodging        | 2 3 |  3.9
Stealth        | 3 |  3.3
Fighting       | 1 2 3 |  3.2
Maces & Flails | 2 |  2.7
Shields        | 2 3 |  3.1
Evocations     | 1 2 |  2.7
Transmutations | |  0.7

Action                   |  1- 3 |  4- 6 |  7- 9 | 10-12 || total
-------------------------+-------+-------+-------+-------++-------
Melee: Mace              |       |     4 |     1 |       ||     5
       Morningstar       |       |       |       |    36 ||    36
 Cast: Sandblast         |    45 |    13 |    56 |    62 ||   176
       Foxfire           |       |    79 |   141 |    39 ||   259
       Stone Arrow       |       |       |    24 |    78 ||   102
       Conjure Flame     |       |       |     8 |     3 ||    11
       Magic Dart        |       |       |       |     2 ||     2
  Use: Scroll            |       |     8 |     4 |     7 ||    19
       Potion            |       |       |     1 |     1 ||     2
Armor: Robe              |     4 |    20 |    88 |    92 ||   204
Dodge: Dodged            |    13 |    37 |    95 |   107 ||   252
